 Dungeon Crawl Stone Soup version 0.28-a0-429-g1448048969 (webtiles) character file.

Game seed: 12563729076547891793

2926 siradein the Protected (level 9, -3/74 HPs)
             Began as a Deep Dwarf Fighter on Sept 10, 2021.
             Was a Believer of Elyvilon.
             Slain by a two-headed ogre (16 damage)
             ... on level 8 of the Dungeon.
             The game lasted 00:17:12 (5681 turns).

siradein the Protected (Deep Dwarf Fighter)         Turns: 5681, Time: 00:17:12

Health: -3/74      AC: 11    Str: 36    XL:     9   Next: 50%
Magic:  2/4        EV:  9    Int:  8    God:    Elyvilon [**....]
Gold:   345        SH:  5    Dex: 16    Spells: 8/8 levels left

rFire   . . .      SeeInvis .   C - +6 trident of Dissolution {speed, rC+ Dex+4}
rCold   + . .      Faith    .   c - +0 buckler
rNeg    . . .      Spirit   .   h - +0 chain mail
rPois   .          Reflect  .   (no helmet)
rElec   .          Harm     .   (no cloak)
rCorr   .          Rampage  .   (no gloves)
Will    +....                   (no boots)
Stlth   ..........              (no amulet)
HPRegen 0.00/turn               y - +6 ring of strength
MPRegen 0.09/turn               B - +6 ring of strength

@: no status effects
A: damage resistance, heal wounds, sense surroundings 2, no regeneration
a: Heal Wounds, Renounce Religion, Lesser Healing, Heal Other, Divine Protection


You were on level 8 of the Dungeon.
You worshipped Elyvilon.
Elyvilon was pleased with you.
You visited 1 branch of the dungeon, and saw 8 of its levels.

You collected 345 gold pieces.

Inventory:

Hand Weapons
 a - a +0 long sword
 C - the +6 trident of Dissolution (weapon) {speed, rC+ Dex+4}
   (You found it on level 7 of the Dungeon)

   Attacks with this weapon are significantly faster.
   Dex:       It affects your dexterity (+4).
   rC:        It protects you from cold.
Missiles
 b - 10 javelins (quivered)
Armour
 c - a +0 buckler (worn)
 h - a +0 chain mail (worn)
Jewellery
 l - a ring of willpower
 o - a ring of wizardry
 s - a ring of resist corrosion
 y - a +6 ring of strength (left hand)
 B - a +6 ring of strength (right hand)
Wands
 e - a wand of paralysis (10)
 w - a wand of polymorph (7)
 x - a wand of acid (7)
Scrolls
 g - 2 scrolls of fog {unknown}
 j - a scroll of teleportation {unknown}
 m - a scroll of amnesia {unknown}
 n - 3 scrolls of magic mapping {unknown}
 p - a scroll of holy word {unknown}
 r - a scroll of noise {unknown}
 u - 7 scrolls of identify {unknown}
Potions
 d - a potion of might
 f - a potion of heal wounds {unknown}
 i - 2 potions of lignification {unknown}
 k - 2 potions of brilliance {unknown}
 q - a potion of curing {unknown}
 t - 2 potions of degeneration {unknown}
 v - a potion of haste
 z - 2 potions of mutation {unknown}
 A - 2 potions of magic {unknown}


   Skills:
 - Level 2.6 Fighting
 - Level 9.0 Long Blades
 + Level 2.2 Polearms
 + Level 10.5 Armour
 - Level 4.0 Shields
 + Level 1.0 Invocations


You had 8 spell levels left.
You didn't know any spells.
Your spell library contained the following spells:

 Spells                   Type           Power      Damage    Failure   Level
 Animate Skeleton         Necr           0%         N/A       80%         1
 Apportation              Tloc           0%         N/A       80%         1
 Summon Small Mammal      Summ           0%         N/A       80%         1
 Ensorcelled Hibernation  Hex/Ice        0%         N/A       90%         2
 Static Discharge         Conj/Air       0%         N/A       90%         2
 Dazzling Flash           Conj/Hex       0%         N/A       99%         3
 Spider Form              Tmut/Pois      0%         N/A       99%         3
 Tukima's Dance           Hex            0%         N/A       99%         3
 Agony                    Necr           0%         N/A       100%        5
 Lightning Bolt           Conj/Air       0%         1d11      100%        5
 Silence                  Hex/Air        0%         N/A       100%        5
 Maxwell's Capacitive Co  Air            0%         ∞         100%        8


Dungeon Overview and Level Annotations

Branches:
Dungeon (8/15)             Temple (0/1) D:7
   Lair: D:8-11

Altars:
Cheibriados
Elyvilon
Hepliaklqana
Nemelex Xobeh

Shops:
D:1 (   D:6 =


Innate Abilities, Weirdness & Mutations

You are resistant to damage.
You can heal yourself by infusing magical energy.
You passively map the area around you.
You do not regenerate.


Message History

The centaur wields a +0 shortbow.
The centaur shoots an arrow.
The arrow hits you but does no damage.
A two-headed ogre comes into view.
It is wielding a +0 giant spiked club and a +0 giant club.
The two-headed ogre shouts in stereo!
The centaur shoots an arrow.
The arrow barely misses you.
The centaur shoots an arrow.
The arrow hits you.
The centaur shoots an arrow.
The arrow hits you.
The centaur shoots an arrow.
You block the arrow.
The centaur shoots an arrow.
The arrow barely misses you.
The centaur shoots an arrow.
The arrow hits you!
The centaur shoots an arrow.
The arrow barely misses you.
There is an open door here.
You are healed.
You are healed.
You reach to attack!
You barely miss the two-headed ogre.
You reach to attack!
Your chain mail prevents you from hitting the two-headed ogre.
You hit the two-headed ogre.
The two-headed ogre is lightly wounded.
The two-headed ogre misses you.
The two-headed ogre hits you with a +0 giant club!
You are too injured to fight recklessly!
You beseech Elyvilon to protect your life.
The two-headed ogre hits you with a +0 giant spiked club!
The two-headed ogre hits you with a +0 giant club.
Press: ? - help, Dir - move target, f/p - two-headed ogre Heal: a two-headed ogre, wielding a +0 giant spiked club and a +0 giant club (lightly wounded, uninterested)
The two-headed ogre would be completely unfazed by your meagre offer of peace.
You are healed.
The centaur shoots an arrow.
The arrow hits you.
Really attack the centaur while asking for your life to be spared?
This attack would place you under penance!
Okay, then.
Your divine protection fades away.
The centaur shoots an arrow.
The arrow hits you!
The centaur shoots an arrow.
The arrow hits you!
* * * LOW HITPOINT WARNING * * *
The centaur unwields a +0 shortbow.
You block the centaur's attack. The centaur barely misses you.
The two-headed ogre barely misses you.
The two-headed ogre hits you with a +0 giant club!!
You die...

#.#...#,
.###...........'.......
..#.#.#,
#.##..####.##....(..
#.).#.# , #.#....#
#.##....... ..))#.# *
#.#..#.# #.##.......
##..#.# * #.#..#.#
#.##....... .#....# *
,#.#..#.. #.##.....#.
.#.#..#
,#.#..#..##.##......#
.#.#..# * *
#.#.c#..##.##......#
.#.#..# #.#@O#..#*
#####... .)....# *
#.#..# * ##... .#.#.##
, #.#..# *, #....
.#.#.#########.#..#,
#....
.#.............#.##
#....
.#.#.....(######## *, *
#......
.#........'....... ,,
,.......
.#........#######. *
*##.(...)
##............# , *
*#......


You could see a two-headed ogre and a centaur.

Vanquished Creatures
  Pikel (D:4)
  A wyvern (D:8)
  3 steam dragons (D:6)
  A black bear (D:6)
  2 sky beasts
  3 ogres
  A necrophage (D:6)
  A centaur (D:7)
  A bullfrog (D:5)
  2 water moccasin zombies (D:5)
  4 scorpions
  3 killer bees (D:8)
  4 hounds
  A centaur skeleton (D:5)
  4 jellies
  A gnoll shaman (D:7)
  2 bullfrog skeletons
  2 iguanas
  4 orc wizards
  A hound skeleton (D:4)
  A howler monkey zombie (D:7)
  10 gnolls
  4 adders (D:6)
  An ufetubus (D:5)
  An adder skeleton (D:4)
  A worm (D:2)
  6 dart slugs
  23 orcs
  5 endoplasms
  2 giant cockroaches
  3 goblins
  5 hobgoblins
  4 quokkas
  9 ball pythons
  6 bats
  A frilled lizard (D:3)
  A jackal skeleton (D:4)
  8 kobolds
  2 rats
135 creatures vanquished.

Vanquished Creatures (others)
  15 fungi (D:6)
15 creatures vanquished.

Grand Total: 150 creatures vanquished

Notes
Turn   | Place    | Note
-------+----------+-------------------------------------------
     0 | D:1      | siradein the Deep Dwarf Fighter began the quest for the
                  | Orb.
     0 | D:1      | Reached XP level 1. HP: 20/20 MP: 1/1
    35 | D:1      | Reached XP level 2. HP: 20/27 MP: 2/2
   160 | D:1      | Found Paqas's Weapon Boutique.
   490 | D:1      | Reached XP level 3. HP: 18/33 MP: 3/3
   922 | D:2      | Found a faded altar of an unknown god.
   969 | D:2      | Reached skill level 4 in Armour
  1350 | D:3      | Reached XP level 4. HP: 26/40 MP: 1/4
  2169 | D:4      | Reached XP level 5. HP: 33/46 MP: 1/3
  2309 | D:4      | Reached skill level 5 in Armour
  2354 | D:4      | Noticed an ogre
  2366 | D:4      | Killed an ogre
  2367 | D:4      | Reached XP level 6. HP: 23/55 MP: 0/3
  2618 | D:4      | Noticed Pikel
  2649 | D:4      | Killed Pikel
  2650 | D:4      | Reached skill level 5 in Long Blades
  2650 | D:4      | Reached skill level 6 in Armour
  2650 | D:4      | Reached XP level 7. HP: 59/61 MP: 4/4
  2702 | D:4      | Reached skill level 7 in Armour
  2936 | D:5      | Entered Level 5 of the Dungeon
  3165 | D:5      | Reached XP level 8. HP: 42/68 MP: 5/5
  3259 | D:5      | Reached skill level 8 in Armour
  3907 | D:6      | Reached skill level 9 in Armour
  4129 | D:6      | Found a white marble altar of Elyvilon.
  4167 | D:6      | Became a worshipper of Elyvilon the Healer
  4227 | D:6      | Found Xaonopn's Jewellery Shoppe.
  4414 | D:6      | HP: 3/68 [steam dragon (6)]
  4422 | D:6      | Gained mutation: You passively map the area around you.
                  | [Deep Dwarf growth]
  4422 | D:6      | Reached XP level 9. HP: 24/74 MP: 5/5
  4770 | D:7      | Reached skill level 10 in Armour
  4836 | D:7      | Reached * piety under Elyvilon
  5058 | D:7      | Identified the +6 trident of Dissolution {speed, rC+ Dex+4}
  5146 | D:7      | Found a staircase to the Ecumenical Temple.
  5163 | D:7      | Found a sparkling altar of Nemelex Xobeh.
  5163 | D:7      | Found a snail-covered altar of Cheibriados.
  5164 | D:7      | Found a hazy altar of Hepliaklqana.
  5523 | D:8      | Reached skill level 1 in Polearms
  5532 | D:8      | Reached ** piety under Elyvilon
  5629 | D:8      | Reached skill level 1 in Invocations
  5638 | D:8      | Noticed a two-headed ogre
  5681 | D:8      | Slain by a two-headed ogre

Illustrated notes

Levels and vault maps discovered:
D:1:      minmay_arrival_diagonal_passages, layout_basic, serial_shops, shop
D:2:      layout_rooms, ebering_ecumenical_altar_webs
D:3:      layout_basic, serial_bayou, serial_bayou_lake_a, serial_bayou_pond_b,
          serial_bayou_pond_c, serial_bayou_lagoon_a
D:4:      layout_loops_ring, uniq_pikel
D:5:      layout_loops_corners
D:6:      kennysheep_steamy, layout_loops_cross, elyvilon_altar_4, serial_shops,
          nicolae_take_the_stairs
D:7:      layout_basic, gammafunk_temple_overflow_claw,
          minmay_temple_entry_statues_pillars
D:8:      layout_basic, makhleb_altar_promises_db, minmay_misc_feat_iff,
          minmay_misc_feat_secret_circle

Skill      XL: |  1  2  3  4  5  6  7  8  9 |
---------------+----------------------------+-----
Armour         | 4 5 6 7 9 10 | 10.5
Shields        | 4 |  4.0
Long Blades    | 3 4 5 6 8 9 |  9.0
Polearms       | 2 |  2.2
Invocations    | 1 |  1.0
Fighting       | |  2.6

Action                   |  1- 3 |  4- 6 |  7- 9 || total
-------------------------+-------+-------+-------++-------
Melee: Long sword        |    86 |    40 |   333 ||   459
       Rapier            |    31 |    67 |       ||    98
       Trident           |       |       |    53 ||    53
Throw: Javelin           |       |       |     2 ||     2
Invok: Lesser Healing    |       |       |     6 ||     6
       Divine Protection |       |       |     1 ||     1
 Abil: Heal Wounds       |     1 |     5 |    16 ||    22
  Use: Potion            |       |     1 |       ||     1
       Scroll            |       |       |     1 ||     1
Armor: Scale mail        |    27 |       |       ||    27
       Chain mail        |    21 |    37 |   201 ||   259
Dodge: Dodged            |    60 |    44 |   121 ||   225
Block: Buckler           |    27 |    29 |    81 ||   137

Table legend: (Time is in decaauts)
 A = Elapsed time spent in this place.
 B = Non-inter-level travel time spent in this place.
 C = Inter-level travel time spent in this place.
 D = Time resting spent in this place.
 E = Time spent auto-exploring this place.
 F = Levels seen in this place.
 G = Mean time per level.
                   A        B        C        D        E       F      G
               +--------+--------+--------+--------+--------+-----+--------+
         Total |   5766 |   5575 |    191 |     33 |   4232 |   8 |  720.8 |
       Dungeon |   5766 |   5575 |    191 |     33 |   4232 |   8 |  720.8 |
               +--------+--------+--------+--------+--------+-----+--------+

Top non-repeatable levels by time:
     D:5: 950 daAuts
     D:6: 881 daAuts
     D:4: 855 daAuts
     D:3: 849 daAuts
     D:1: 743 daAuts
     D:7: 633 daAuts
     D:2: 573 daAuts
     D:8: 278 daAuts
